 Dungeon Crawl Stone Soup version 0.28.0-45-g0d030f2227 (webtiles) character file.

Game seed: 7659095348309309127

7291 101zpm the Magician (level 11, -3/81 HPs)
             Began as a Gnoll Air Elementalist on Apr 24, 2022.
             Was a Believer of Qazlal.
             Slain by a troll (16 damage)
             ... on level 8 of the Dungeon.
             The game lasted 00:55:24 (18915 turns).

101zpm the Magician (Gnoll Air Elementalist)       Turns: 18915, Time: 00:55:24

Health: -3/81      AC:  6    Str:  7    XL:     11   Next: 13%
Magic:  16/22      EV: 15    Int: 22    God:    Qazlal [**....]
Gold:   605        SH:  8    Dex: 12    Spells: 10/25 levels left

rFire   + . .      SeeInvis .   F - +4 short sword of Desertification {spect, rC- Int+2 Stlth+}
rCold   . . .      Faith    .   (no shield)
rNeg    . . .      Spirit   .   j - +2 robe {rC+}
rPois   +          Reflect  +   (no helmet)
rElec   .          Harm     .   q - scarf {shadows}
rCorr   .          Rampage  .   h - +1 Delatra's gloves {ID++}
Will    .....                   (no boots)
Stlth   +++.......              n - amulet of reflection
HPRegen 0.23/turn               o - ring of poison resistance
MPRegen 0.18/turn               x - ring of protection from fire

@: sluggish, very slow
A: fangs 1, strong nose, distributed training
a: Renounce Religion, Upheaval


You were on level 8 of the Dungeon.
You worshipped Qazlal.
Qazlal was pleased with you.
You visited 2 branches of the dungeon, and saw 10 of its levels.

You collected 605 gold pieces.

Inventory:

Hand Weapons
 B - a +4 quarterstaff of chaos
 F - the +4 short sword of Desertification (weapon) {spect, rC- Int+2 Stlth+}
   (You took it off an orc warrior on level 9 of the Dungeon)

   When its wielder attacks, the weapon's spirit leaps out and strikes again.
   The spirit shares a part of any damage it takes with its wielder.
   Int:       It affects your intelligence (+2).
   rC:        It makes you vulnerable to cold.
   Stlth:     It makes you more stealthy.
Missiles
 z - a throwing net
Armour
 h - the +1 Delatra's gloves (worn) {ID++}
   (You found it on level 3 of the Dungeon)

   It heals its wearer when they drink unknown potions.
   It restores its wearer's MP when they read unknown scrolls.
 j - a +2 robe of cold resistance (worn)
 q - a scarf of shadows (worn)
Magical Staves
 y - a staff of air
 E - a staff of conjuration
Jewellery
 n - an amulet of reflection (around neck)
 o - a ring of poison resistance (left hand)
 w - an amulet of guardian spirit
 x - a ring of protection from fire (right hand)
 C - a ring of ice
Wands
 u - a wand of paralysis (10)
 v - a wand of flame (20)
Scrolls
 b - 8 scrolls of identify
 c - a scroll of vulnerability {unknown}
 d - a scroll of fear {unknown}
 g - 3 scrolls of teleportation
 i - 2 scrolls of noise {unknown}
 s - a scroll of magic mapping {unknown}
 t - a scroll of summoning {unknown}
 D - a scroll of torment {unknown}
Potions
 a - a potion of might {unknown}
 e - 3 potions of attraction {unknown}
 f - 2 potions of degeneration {unknown}
 k - a potion of experience {unknown}
 l - a potion of invisibility {unknown}
 m - 3 potions of haste {unknown}
 p - a potion of mutation {unknown}
 r - 2 potions of heal wounds
 A - 2 potions of lignification {unknown}
 G - a potion of magic {unknown}


   Skills:
 + Level 6.0 Fighting
 + Level 6.0 Short Blades
 + Level 6.0 Long Blades
 + Level 6.0 Axes
 + Level 6.0 Maces & Flails
 + Level 6.0 Polearms
 + Level 6.0 Staves
 + Level 6.0 Slings
 + Level 6.0 Bows
 + Level 6.0 Crossbows
 + Level 6.0 Throwing
 + Level 6.0 Armour
 + Level 7.6 Dodging
 + Level 7.4 Stealth
 + Level 6.0 Shields
 + Level 6.0 Unarmed Combat
 + Level 7.9 Spellcasting
 + Level 5.4 Conjurations
 + Level 4.9 Hexes
 + Level 4.9 Summonings
 + Level 4.9 Necromancy
 + Level 4.9 Translocations
 + Level 4.9 Transmutations
 + Level 4.9 Fire Magic
 + Level 4.9 Ice Magic
 + Level 7.5 Air Magic
 + Level 4.9 Earth Magic
 + Level 4.9 Poison Magic
 + Level 6.5 Invocations
 + Level 6.0 Evocations


You had 10 spell levels left.
You knew the following spells:

 Your Spells              Type           Power      Damage    Failure   Level
a - Shock                 Conj/Air       100%       1d9       1%          1
b - Foxfire               Conj/Fire      100%       2x1d9     1%          1
c - Static Discharge      Conj/Air       37%        N/A       1%          2
d - Swiftness             Air            41%        N/A       1%          3
e - Magic Dart            Conj           100%       1d8       1%          1
f - Airstrike             Air            20%        N/A       3%          4
g - Inner Flame           Hex/Fire       30%        N/A       3%          3

Your spell library contained the following spells:

 Spells                   Type           Power      Damage    Failure   Level
 Pain                     Necr           100%       1d9       1%          1
 Blink                    Tloc           60%        N/A       1%          2
 Conjure Flame            Conj/Fire      31%        6-21      2%          3
 Lesser Beckoning         Tloc           30%        N/A       3%          3
 Portal Projectile        Hex/Tloc       60%        N/A       3%          3
 Flame Wave               Conj/Fire      31%        2d8       9%          4
 Agony                    Necr           30%        N/A       26%         5
 Blade Hands              Tmut           15%        N/A       26%         5
 Excruciating Wounds      Necr           15%        N/A       26%         5
 Manifold Assault         Tloc           30%        N/A       26%         5


Dungeon Overview and Level Annotations

Branches:
Dungeon (9/15)             Temple (1/1) D:4
   Lair: D:8-11         Orc: D:9-12

Altars:
Ashenzari
Cheibriados
Dithmenos
Elyvilon
Fedhas
Gozag
Hepliaklqana
Kikubaaqudgha
Makhleb
Nemelex Xobeh
Okawaru
Qazlal
Ru
Sif Muna
Trog
Uskayaw
Vehumet
Wu Jian
Xom
Yredelemnul
Zin
The Shining One

Shops:
D:5 *   D:9 =

Annotations:
D:3 2 transporters


Innate Abilities, Weirdness & Mutations

You have very sharp teeth.
Your uncanny sense of smell can sniff out nearby items.
Your experience applies equally to all skills.


Message History

The air twists around and strikes the purple ugly thing!
The purple ugly thing is heavily wounded.
The purple ugly thing misses you.
Things that are here:
a +0 giant club; a +0 giant club You see here a +0 short sword.
There is a stone staircase leading up, spattered with blood here.
Casting: Airstrike (dangerous; 3% risk of failure)
Confirm with . or Enter, or press ? or * to list all spells.
You conjure some foxfire!
The foxfire hits the purple ugly thing but does no damage.
The purple ugly thing is heavily wounded.
You climb upwards.
You start to feel a little slower.
You block the troll's attack. The troll barely misses you.
You block the troll's attack.
There is a stone staircase leading down here.
You feel sluggish.
The troll misses you. x2; The troll completely misses you.
The troll closely misses you. The troll barely misses you.
You block the troll's attack. The purple ugly thing kicks you!
You block the troll's attack. The troll claws you. The troll claws you!
You block the purple ugly thing's attack.
The troll misses you. You block the troll's attack. x2
You block the purple ugly thing's attack.
The troll bites you. The troll barely misses you. The troll claws you!
The purple ugly thing kicks you!
* * * LOW HITPOINT WARNING * * *
You block the troll's attack. The troll misses you.
The troll closely misses you. The purple ugly thing kicks you.
* * * LOW HITPOINT WARNING * * *
The troll closely misses you. The troll barely misses you.
The troll misses you.
You start to feel a little faster.
The troll closely misses you. You block the troll's attack.
The troll misses you.
There is a stone staircase leading down here.
The troll bites you!
You die...

####### #.....# #.....#
### #.....# #.#
##.....###.#
.'.........###
.#...........#########
..............uT@....#
.#.....#####.#######.##
.##..............# #..#
.##..######.####.# #.##
[##..######.# #.# #.#
.##.........# #.# #.#
.##...#####.####.###.#
###................#.#
#.....#...####.#.#.#


You could see a purple ugly thing and a troll.

Vanquished Creatures
  A two-headed ogre (D:9)
  Pikel (D:5)
  A centaur zombie (D:5)
  Prince Ribbit (D:7)
  A vampire (D:9)
  3 yaks (D:9)
  A wyvern (D:9)
  A wraith (D:7)
  2 steam dragons
  3 water moccasins
  Duvessa (D:4)
  An ice beast (D:7)
  6 orc warriors
  2 necrophages (D:6)
  7 ogres
  A black bear (D:7)
  2 centaurs
  3 kobold brigands
  6 bullfrogs
  2 scorpions
  Dowan (D:4)
  3 killer bees (D:6)
  7 wights
  5 howler monkeys
  2 hounds
  3 jellies
  2 bullfrog zombies
  A gnoll shaman (D:9)
  4 orc priests
  Crazy Yiuf (D:2)
  Natasha (thrice) (D:2)
  A bullfrog skeleton (D:5)
  4 iguanas
  8 orc wizards
  A killer bee zombie (D:8)
  A hound skeleton (D:4)
  Robin (D:3)
  8 gnolls
  2 river rats (D:5)
  8 adders
  2 shadow imps
  A white imp (D:5)
  An adder skeleton (D:3)
  5 worms
  2 dart slugs (D:4)
  31 orcs
  4 endoplasms
  4 giant cockroaches
  24 goblins
  13 hobgoblins
  7 jackals
  20 kobolds
  2 quokkas (D:3)
  9 ball pythons
  8 bats
  A frilled lizard (D:3)
  13 rats
259 creatures vanquished.

Vanquished Creatures (others)
  3 foxfires (D:9)
  A plant (D:1)
4 creatures vanquished.

Grand Total: 263 creatures vanquished

Notes
Turn   | Place    | Note
-------+----------+-------------------------------------------
     0 | D:1      | 101zpm the Gnoll Air Elementalist began the quest for the
                  | Orb.
     0 | D:1      | Reached XP level 1. HP: 13/13 MP: 6/6
   353 | D:1      | Reached XP level 2. HP: 19/19 MP: 2/7
   680 | D:1      | Got Jeck's Handbook of Kismet
  1003 | D:1      | Reached XP level 3. HP: 25/25 MP: 7/9
  1136 | D:1      | Reached skill level 5 in Spellcasting
  1503 | D:2      | Noticed Natasha
  1748 | D:2      | Reached skill level 1 in Invocations
  1885 | D:2      | Reached skill level 1 in Fighting
  1885 | D:2      | Reached skill level 1 in Short Blades
  1885 | D:2      | Reached skill level 1 in Long Blades
  1885 | D:2      | Reached skill level 1 in Axes
  1885 | D:2      | Reached skill level 1 in Maces & Flails
  1885 | D:2      | Reached skill level 1 in Polearms
  1885 | D:2      | Reached skill level 1 in Staves
  1885 | D:2      | Reached skill level 1 in Slings
  1885 | D:2      | Reached skill level 1 in Bows
  1885 | D:2      | Reached skill level 1 in Crossbows
  1885 | D:2      | Reached skill level 1 in Throwing
  1885 | D:2      | Reached skill level 1 in Armour
  1885 | D:2      | Reached skill level 1 in Shields
  1885 | D:2      | Reached skill level 1 in Unarmed Combat
  1885 | D:2      | Reached skill level 1 in Evocations
  2041 | D:2      | Found a faded altar of an unknown god.
  2209 | D:2      | Reached XP level 4. HP: 32/32 MP: 7/11
  2219 | D:2      | Killed Natasha
  2220 | D:2      | Reached skill level 1 in Hexes
  2220 | D:2      | Reached skill level 1 in Summonings
  2220 | D:2      | Reached skill level 1 in Necromancy
  2220 | D:2      | Reached skill level 1 in Translocations
  2220 | D:2      | Reached skill level 1 in Transmutations
  2220 | D:2      | Reached skill level 1 in Fire Magic
  2220 | D:2      | Reached skill level 1 in Ice Magic
  2220 | D:2      | Reached skill level 1 in Earth Magic
  2220 | D:2      | Reached skill level 1 in Poison Magic
  2229 | D:2      | Noticed Natasha
  2445 | D:3      | Found the +1 Delatra's gloves {ID++}
  2448 | D:3      | Learned a level 1 spell: Foxfire
  2451 | D:3      | Learned a level 2 spell: Static Discharge
  2455 | D:3      | Learned a level 3 spell: Swiftness
  2457 | D:3      | Learned a level 1 spell: Magic Dart
  2462 | D:3      | Learned a level 4 spell: Airstrike
  2467 | D:3      | Found a transporter.
  2914 | D:4      | Noticed an ogre
  2995 | D:3      | Reached XP level 5. HP: 37/37 MP: 9/12
  3239 | D:3      | Noticed Robin
  3244 | D:3      | Killed Robin
  3495 | D:3      | Found a transporter.
  4175 | D:4      | Noticed Duvessa
  4175 | D:4      | Noticed Dowan
  4210 | D:4      | Killed Dowan
  4829 | D:4      | Found a staircase to the Ecumenical Temple.
  4838 | Temple   | Entered the Ecumenical Temple
  5381 | Temple   | Became a worshipper of Qazlal Stormbringer
  5471 | D:5      | Entered Level 5 of the Dungeon
  5471 | D:5      | Noticed a centaur warrior zombie
  5710 | D:5      | Killed a centaur warrior zombie
  5711 | D:5      | Reached skill level 5 in Dodging
  5711 | D:5      | Reached XP level 6. HP: 30/45 MP: 4/14
  5711 | D:5      | Reached XP level 7. HP: 34/51 MP: 4/15
  6243 | D:5      | Reached skill level 5 in Stealth
  6301 | D:5      | Noticed Pikel
  6320 | D:5      | Killed Pikel
  6321 | D:5      | Reached XP level 8. HP: 39/58 MP: 8/17
  6600 | D:5      | Found Ioaduvuq's Incredible Inventory.
  7685 | D:5      | Found a hazy altar of Hepliaklqana.
  8039 | D:5      | Reached XP level 9. HP: 18/65 MP: 10/18
  8464 | D:6      | Reached * piety under Qazlal
  8955 | D:6      | Found a basalt altar of Yredelemnul.
 10020 | D:7      | Noticed Prince Ribbit
 10024 | D:7      | Killed Prince Ribbit
 10025 | D:7      | Reached skill level 5 in Invocations
 10742 | D:7      | Reached XP level 10. HP: 32/73 MP: 13/20
 11401 | D:7      | Reached skill level 5 in Fighting
 11401 | D:7      | Reached skill level 5 in Short Blades
 11401 | D:7      | Reached skill level 5 in Long Blades
 11401 | D:7      | Reached skill level 5 in Axes
 11401 | D:7      | Reached skill level 5 in Maces & Flails
 11401 | D:7      | Reached skill level 5 in Polearms
 11401 | D:7      | Reached skill level 5 in Staves
 11401 | D:7      | Reached skill level 5 in Slings
 11401 | D:7      | Reached skill level 5 in Bows
 11401 | D:7      | Reached skill level 5 in Crossbows
 11401 | D:7      | Reached skill level 5 in Throwing
 11401 | D:7      | Reached skill level 5 in Armour
 11401 | D:7      | Reached skill level 5 in Shields
 11401 | D:7      | Reached skill level 5 in Unarmed Combat
 11401 | D:7      | Reached skill level 5 in Evocations
 11418 | D:7      | Reached ** piety under Qazlal
 12070 | D:4      | Killed Duvessa
 12779 | D:3      | Learned a level 3 spell: Inner Flame
 13162 | D:2      | Killed Natasha
 13199 | D:2      | Noticed Natasha
 13203 | D:2      | Killed Natasha
 13237 | D:2      | Found a runed translucent door.
 13238 | D:2      | Noticed Crazy Yiuf
 13537 | D:2      | Killed Crazy Yiuf
 15109 | D:7      | Reached skill level 5 in Conjurations
 16609 | D:9      | Found Cecutsemm's Jewellery Emporium.
 17479 | D:9      | Noticed a two-headed ogre
 17507 | D:9      | Killed a two-headed ogre
 17689 | D:9      | Noticed a purple ugly thing
 17716 | D:9      | Reached XP level 11. HP: 81/81 MP: 11/22
 17886 | D:9      | Identified the +4 short sword of Desertification {spect,
                  | rC- Int+2 Stlth+}
 18244 | D:9      | Reached *** piety under Qazlal
 18915 | D:8      | Slain by a troll

Illustrated notes

Levels and vault maps discovered:
D:1:      kennysheep_arrival_seaside, layout_loops_ring,
          chequers_serial_rivers_micro_c
D:2:      layout_loops_ring, hellmonk_ecumenical_altar_blasted, dk_vineyard_3,
          chequers_serial_rivers_micro_b, uniq_crazy_yiuf_cottage, uniq_natasha
D:3:      gammafunk_wand_slinger, layout_basic, moated_statue,
          minmay_starry_boxes, uniq_robin
D:4:      layout_cave_pools, minmay_temple_entry_large_hall, serial_glass,
          glass_columns_a, glass_columns_a, uniq_duvessa
D:5:      layout_loops_cross, lightli_sewer_entry_pipes, nicolae_alphabet_shops,
          corexii_checkpoint_b, kennysheep_diamond, uniq_pikel
D:6:      layout_loops_ring, lemuel_round_altar, lemuel_flame_loot_1
D:7:      layout_loops_cross, uniq_prince_ribbit1
D:8:      layout_basic
D:9:      layout_basic, minmay_shop_enchanted_jewellery, minmay_checkerbox
Temple:   mainiacjoe_temple_starburst

Skill      XL: |  1  2  3  4  5  6  7  8  9 10 11 |
---------------+----------------------------------+-----
Conjurations   | 2 3 4 5 |  5.4
Spellcasting   | 5 6 7 |  7.9
Invocations    | 1 2 3 4 5 6 |  6.5
Fighting       | 1 2 3 4 5 6 |  6.0
Short Blades   | 1 2 3 4 5 6 |  6.0
Long Blades    | 1 2 3 4 5 6 |  6.0
Axes           | 1 2 3 4 5 6 |  6.0
Maces & Flails | 1 2 3 4 5 6 |  6.0
Polearms       | 1 2 3 4 5 6 |  6.0
Staves         | 1 2 3 4 5 6 |  6.0
Slings         | 1 2 3 4 5 6 |  6.0
Bows           | 1 2 3 4 5 6 |  6.0
Crossbows      | 1 2 3 4 5 6 |  6.0
Throwing       | 1 2 3 4 5 6 |  6.0
Armour         | 1 2 3 4 5 6 |  6.0
Shields        | 1 2 3 4 5 6 |  6.0
Unarmed Combat | 1 2 3 4 5 6 |  6.0
Evocations     | 1 2 3 4 5 6 |  6.0
Hexes          | 1 2 3 4 |  4.9
Summonings     | 1 2 3 4 |  4.9
Necromancy     | 1 2 3 4 |  4.9
Translocations | 1 2 3 4 |  4.9
Transmutations | 1 2 3 4 |  4.9
Fire Magic     | 1 2 3 4 |  4.9
Ice Magic      | 1 2 3 4 |  4.9
Earth Magic    | 1 2 3 4 |  4.9
Poison Magic   | 1 2 3 4 |  4.9
Dodging        | 5 6 7 |  7.6
Stealth        | 5 6 7 |  7.4
Air Magic      | 6 7 |  7.5

Action                   |  1- 3 |  4- 6 |  7- 9 | 10-12 || total
-------------------------+-------+-------+-------+-------++-------
Melee: Unarmed           |     8 |     3 |    15 |     6 ||    32
       Bite              |     1 |       |     2 |     6 ||     9
       Staff             |       |       |       |     7 ||     7
       Quarterstaff      |       |       |       |     5 ||     5
       Punch             |       |       |       |     2 ||     2
 Cast: Shock             |    93 |    94 |   252 |   172 ||   611
       Swiftness         |       |     2 |     1 |     4 ||     7
       Airstrike         |       |    10 |    19 |    83 ||   112
       Static Discharge  |       |       |     4 |       ||     4
       Magic Dart        |       |       |     1 |       ||     1
       Foxfire           |       |       |       |     5 ||     5
       Inner Flame       |       |       |       |     2 ||     2
  Use: Scroll            |       |       |     1 |       ||     1
Armor: Robe              |     2 |    13 |    32 |     7 ||    54
Dodge: Dodged            |    11 |    30 |    77 |    78 ||   196
Block: Other             |       |       |    20 |    48 ||    68
       Reflection        |       |       |     3 |     3 ||     6
